 Dungeon Crawl Stone Soup version 0.26.0-10-g1f06aea511 (webtiles) character file.

Game seed: 17299500212773159260

6640 MisterFreud the Spear-Bearer (level 10, -35/91 HPs)
             Began as a Minotaur Fighter on Jan 16, 2021.
             Killed from afar by an ice statue (38 damage)
             ... with a bolt of cold
             ... in a Gauntlet.
             The game lasted 00:10:07 (9526 turns).

MisterFreud the Spear-Bearer (Minotaur Fighter)     Turns: 9526, Time: 00:10:08

Health: -35/91     AC: 15    Str: 23    XL:     10   Next: 72%
Magic:  9/9        EV:  8    Int:  6    God:
Gold:   127        SH: 18    Dex: 10    Spells: 9/9 levels left

rFire    . . .     SeeInvis +   H - +0 trident (freeze)
rCold    . . .     Faith    .   c - +1 kite shield
rNeg     . . .     Spirit   .   b - +0 scale mail
rPois    .         Reflect  +   I - +2 hat
rElec    .         Harm     .   (no cloak)
rCorr    .         Rampage  .   l - +0 pair of gloves
Will     +....     NoTele   +   p - +2 pair of boots
Stlth    ..........             G - amulet of reflection
HPRegen  0.25/turn              h - ring of willpower
MPRegen  0.11/turn              N - ring of see invisible

@: no status effects
A: retaliatory headbutt, horns 2
a: no special abilities


You were in a Gauntlet.
You visited 1 branch of the dungeon, and saw 11 of its levels.
You also visited: Gauntlet.

You collected 606 gold pieces.
You spent 479 gold pieces at shops.

Inventory:

Hand Weapons
 a - a +0 trident
 H - a +0 trident of freezing (weapon)
Missiles
 i - 46 poisoned darts (quivered)
 j - 299 stones
 s - 3 silver boomerangs
 u - 97 sling bullets
 x - 6 datura-tipped darts
 B - a throwing net
Armour
 b - a +0 scale mail (worn)
 c - a +1 kite shield (worn)
 l - a +0 pair of gloves (worn)
 p - a +2 pair of boots (worn)
 I - a +2 hat (worn)
Jewellery
 h - a ring of willpower (left hand)
 t - a +6 ring of strength
 w - an uncursed ring of magical power
 G - an amulet of reflection (around neck)
 N - a ring of see invisible (right hand)
Wands
 C - a wand of flame (27)
 E - a wand of acid (12)
 F - a wand of random effects (13)
Scrolls
 e - 8 scrolls of identify
 f - 2 scrolls of immolation
 g - 4 scrolls of teleportation
 k - 11 scrolls of remove curse
 m - 3 scrolls of enchant armour
 q - 7 scrolls of fog
 y - 2 scrolls of magic mapping
 O - a scroll of enchant weapon {unknown}
 Q - a scroll of blinking {unknown}
Potions
 d - 4 potions of might
 n - 2 potions of flight
 o - 2 potions of haste
 r - 8 potions of curing
 v - a potion of berserk rage {unknown}
 z - a potion of ambrosia
 A - a potion of degeneration
 D - a potion of attraction
 K - a potion of cancellation
 L - a potion of resistance
 M - a potion of lignification
 P - a potion of mutation {unknown}
 R - a potion of heal wounds
Miscellaneous
 J - a condenser vane


   Skills:
 + Level 9.5 Fighting
 * Level 12.3 Polearms
 + Level 9.5 Armour
 + Level 9.5 Shields


You had 9 spell levels left.
You didn't know any spells.
Your spell library contained the following spells:

 Spells                   Type           Power        Failure   Level
 Foxfire                  Conj/Fire      0%           91%         1
 Magic Dart               Conj           0%           91%         1
 Sting                    Tmut/Pois      0%           91%         1
 Alistair's Intoxication  Tmut/Pois      0%           100%        5
 Fireball                 Conj/Fire      0%           100%        5
 Orb of Destruction       Conj           0%           100%        7


Dungeon Overview and Level Annotations

Branches:
Dungeon (11/15)            Temple (0/1) D:4            Lair (0/6) D:9
Gauntlet (1/1)
    Orc: D:9-12

Altars:
Ashenzari
Gozag
Okawaru
Qazlal
The Shining One

Shops:
D:7 !   D:9 !

Annotations:
Gauntlet 3 transporters, exclusion: ice statue


Innate Abilities, Weirdness & Mutations

You reflexively headbutt those who attack you in melee.
You have a pair of horns on your head.


Message History

The bolt of cold hits you!!
* * * LOW HITPOINT WARNING * * *
You block the ice beast's attack.
Unknown command.
Unknown command.
Unknown command.
Unknown command.
You feel much better.
You are engulfed in freezing vapours.
* * * LOW HITPOINT WARNING * * *
You block the ice beast's attack. x2; The ice beast barely misses you.
Unknown command.
Unknown command.
Unknown command.
You feel better.
You are engulfed in freezing vapours.
* * * LOW HITPOINT WARNING * * *
You block the ice beast's attack.
The ice statue glitters chillingly in the dim dungeon light.
The ice statue gestures at you. The bolt of cold hits you!!!
You die...

≈ ≈≈≈#≈≈≈#≈≈≈#≈≈≈
................≈
#...#########...##
#.8.#......k#...≈##
#...#?###.###..∩≈≈#
#####..#...##...≈##
#©.©#○°#○#.##©..##
#...#.Y○○#..#...≈#
...#.#@###.#..∩≈≈#
#8©8#.Y8Y...#...≈##
#############...##
................≈
≈≈#≈≈≈#≈≈≈#≈≈≈#≈≈≈
≈ ##≈###≈###≈###≈##
## ## ##


You could see an ice statue and 3 ice beasts.

Vanquished Creatures
  Erolcha (D:11)
  Pikel (D:5)
  Psyche (D:8)
  2 trolls (D:9)
  A hornet (D:10)
  A wyvern (D:8)
  4 yaks (D:10)
  Menkaure (D:4)
  4 ice beasts
  An eye of draining (D:9)
  6 phantoms
  2 ogres
  4 wolves
  3 centaurs
  2 lemures
  A big kobold (D:11)
  3 bullfrogs
  A gnoll sergeant (D:5)
  4 scorpions
  A water moccasin skeleton (D:6)
  4 wights
  3 howler monkeys
  A vampire bat (D:10)
  2 electric eels (D:9)
  A bullfrog zombie (D:5)
  2 hounds
  5 jellies
  An iguana (D:6)
  2 orc wizards
  4 worker ants
  A hound skeleton (D:4)
  A howler monkey zombie (D:7)
  3 gnolls (D:5)
  6 adders
  5 shadow imps
  2 white imps (D:5)
  5 ufetubi
  An ooze (D:3)
  An adder skeleton (D:9)
  2 worms (D:2)
  A dart slug (D:1)
  4 leopard geckos
  23 orcs
  6 giant cockroaches
  9 goblins
  6 hobgoblins
  4 jackals (D:7)
  11 kobolds
  8 quokkas
  4 ball pythons
  13 bats
  10 frilled lizards
  4 rats
199 creatures vanquished.

Vanquished Creatures (others)
  Sonja (D:11)
  A rime drake (Gauntlet)
  A fungus (Gauntlet)
  2 plants (Gauntlet)
  2 withered plants (D:11)
7 creatures vanquished.

Grand Total: 206 creatures vanquished

Notes
Turn   | Place    | Note
-------+----------+-------------------------------------------
     0 | D:1      | MisterFreud the Minotaur Fighter began the quest for the
                  | Orb.
     0 | D:1      | Reached XP level 1. HP: 19/19 MP: 0/0
   247 | D:1      | Reached XP level 2. HP: 27/27 MP: 1/1
   293 | D:1      | Reached skill level 3 in Polearms
   699 | D:2      | Reached XP level 3. HP: 32/33 MP: 2/2
  1264 | D:3      | Reached XP level 4. HP: 40/40 MP: 3/3
  1427 | D:3      | Reached skill level 4 in Polearms
  1593 | D:3      | Noticed a phantom
  1636 | D:3      | Killed a phantom
  1637 | D:3      | Reached XP level 5. HP: 41/47 MP: 4/4
  1961 | D:4      | Noticed Menkaure
  1968 | D:4      | HP: 2/47 [Menkaure (20)]
  1970 | D:4      | Killed Menkaure
  1971 | D:4      | Reached skill level 5 in Polearms
  1971 | D:4      | Reached XP level 6. HP: 3/55 MP: 5/5
  2300 | D:4      | Found a staircase to the Ecumenical Temple.
  2607 | D:4      | Reached skill level 5 in Fighting
  2607 | D:4      | Reached skill level 5 in Armour
  2607 | D:4      | Reached skill level 5 in Shields
  2894 | D:5      | Entered Level 5 of the Dungeon
  2938 | D:5      | Reached skill level 6 in Polearms
  2938 | D:5      | Reached XP level 7. HP: 47/61 MP: 6/6
  3420 | D:5      | Reached skill level 7 in Polearms
  3635 | D:5      | Noticed Pikel
  3972 | D:6      | Found an opulent altar of Gozag.
  3989 | D:6      | Reached XP level 8. HP: 65/70 MP: 7/7
  4057 | D:5      | Killed Pikel
  4058 | D:5      | Reached skill level 8 in Polearms
  4217 | D:5      | Reached skill level 9 in Polearms
  4325 | D:5      | Found a glowing golden altar of the Shining One.
  4721 | D:6      | Reached XP level 9. HP: 73/79 MP: 8/8
  4890 | D:6      | Found a stormy altar of Qazlal.
  5770 | D:7      | Found Giwkash's Distillery.
  5774 | D:7      | Bought a potion of curing for 45 gold pieces
  5929 | D:8      | Reached skill level 10 in Polearms
  6023 | D:8      | Noticed Psyche
  6031 | D:8      | Killed Psyche
  6166 | D:8      | Found an iron altar of Okawaru.
  6174 | D:8      | Found a broken altar of Ashenzari.
  6403 | D:9      | Found Uscheett's Distillery.
  6406 | D:9      | Bought a potion of haste for 140 gold pieces
  6406 | D:9      | Bought a potion of cancellation for 112 gold pieces
  6406 | D:9      | Bought a potion of resistance for 140 gold pieces
  6406 | D:9      | Bought a potion of lignification for 42 gold pieces
  6461 | D:9      | Identified the Incunabulum of Mutagenic Conjuration
  6646 | D:9      | Noticed a troll
  6665 | D:9      | Noticed a troll
  7029 | D:9      | Found a staircase to the Lair.
  7279 | D:9      | Killed a troll
  7281 | D:9      | Reached skill level 11 in Polearms
  7721 | D:9      | Reached XP level 10. HP: 69/90 MP: 9/9
  8282 | D:10     | Entered Level 10 of the Dungeon
  9076 | D:11     | Found a gate leading to a gauntlet.
  9076 | D:11     | Noticed Sonja
  9109 | D:11     | Killed Sonja
  9111 | D:11     | Noticed Erolcha
  9134 | D:10     | Reached skill level 12 in Polearms
  9462 | D:11     | Killed Erolcha
  9467 | Gauntlet | Entered a Gauntlet
  9467 | Gauntlet | Found a transporter.
  9468 | Gauntlet | Noticed an ice statue
  9516 | Gauntlet | Found a transporter.
  9517 | Gauntlet | Found a transporter.
  9517 | Gauntlet | Found a transporter.
  9526 | Gauntlet | HP: 3/91 [ice statue] (13)]
  9526 | Gauntlet | Killed from afar by an ice statue

Illustrated notes

Levels and vault maps discovered:
D:1:      eino_arrival_tree_alley, layout_basic, minmay_misc_feat_secret_circle
D:2:      layout_basic
D:3:      layout_rooms, hangedman_decor_clover_reticule
D:4:      layout_loops_ring, minmay_temple_entry_slanted, st_stairs_2,
          uniq_menkaure
D:5:      layout_rooms, nicolae_tso_swordbearing_angel, uniq_pikel
D:6:      layout_loops_ring, lemuel_crystal_altar, grunt_qazlal_sundering
D:7:      layout_loops_ring, serial_shops, shop, minmay_strange_pillars
D:8:      layout_cave_pools, basic_altar, roderic_roman_lattice,
          okawaru_gym_becter, uniq_psyche
D:9:      layout_irregular_city, erik_lair_island, serial_shops, shop,
          amcnicky_mini_rare_corridor_liquid, minmay_misc_feat_x
D:10:     layout_loops_ring, roderic_batcave
D:11:     layout_roguey, enter_trove_2, gauntlet_entry_generic, serial_undead,
          serial_undead_c, serial_undead_e, serial_undead_d, serial_undead_f,
          serial_undead_f, serial_undead_c, grunt_tough_drop, uniq_grum,
          uniq_erolcha, uniq_sonja
Gauntlet: gammafunk_gauntlet_77_escape_option
          [minmay_gauntlet_arena_77_broken_ladder, minmay_gauntlet_arena_77_fan,
          minmay_gauntlet_arena_77_checkered, minmay_gauntlet_arena_77_museum,
          minmay_gauntlet_arena_77_p_blocks,
          nicolae_gauntlet_exit_dead_adventurers]

Skill      XL: |  1  2  3  4  5  6  7  8  9 10 |
---------------+-------------------------------+-----
Polearms       | 3 4 5 6 7 9 11 12 | 12.3
Fighting       | 4 5 6 7 8 9 |  9.5
Armour         | 4 5 6 7 8 9 |  9.5
Shields        | 4 5 6 7 8 9 |  9.5

Action                   |  1- 3 |  4- 6 |  7- 9 | 10-12 || total
-------------------------+-------+-------+-------+-------++-------
Melee: Trident           |   109 |   176 |   432 |   151 ||   868
       Headbutt          |     8 |    22 |    78 |    37 ||   145
Evoke: Wand              |       |       |     3 |     2 ||     5
  Use: Scroll            |       |       |    16 |       ||    16
       Potion            |       |       |     1 |     2 ||     3
Armor: Scale mail        |    37 |    43 |   132 |    45 ||   257
Dodge: Dodged            |     9 |    42 |   107 |    35 ||   193
Block: Kite shield       |    37 |    65 |   184 |    90 ||   376
       Reflection        |       |       |       |     7 ||     7
